 Dungeon Crawl Stone Soup version 0.19.0-11-g3fc08b3 (webtiles) character file.

95851 Mesmaeker13 the Bludgeoner (level 16, -10/180 HPs)
             Began as an Ogre Fighter on Nov 8, 2016.
             Was the Champion of Makhleb.
             Mangled by a stone giant (22 damage)
             ... on level 2 of the Orcish Mines.
             The game lasted 01:20:03 (24687 turns).

Mesmaeker13 the Bludgeoner (Ogre Fighter)          Turns: 24687, Time: 01:20:04

Health: -10/180    AC: 20    Str: 25    XL:     16   Next: 15%
Magic:  21/21      EV:  7    Int: 15    God:    Makhleb [******]
Gold:   2378       SH:  0    Dex: 15    Spells: 0 memorised, 15 levels left

rFire  + . .     SeeInvis +     L - +7 giant spiked club (flame)
rCold  + . .     Gourm    .     r - +0 gold dragon scales
rNeg   + . .     Faith    +     (shield currently unavailable)
rPois  +         Spirit   .     (helmet restricted)
rElec  .         Reflect  .     R - +0 cloak
rCorr  .         Harm     .     (gloves unavailable)
MR     +....                    (boots unavailable)
Stlth  ..........               a - amulet of faith
                                Y - ring of Darkness {rPois rN+ Int+4 Dex+5}
                                N - ring of see invisible

@: lethally poisoned (-10 -> -10)
A: unfitting armour, low mp 1, tough skin 1, MP-powered wands
a: Minor Destruction, Lesser Servant of Makhleb, Major Destruction, Greater
Servant of Makhleb, Renounce Religion


You were on level 2 of the Orcish Mines.
You worshipped Makhleb.
Makhleb was exalted by your worship.
You were not hungry.

You visited 3 branches of the dungeon, and saw 23 of its levels.
You also visited: Ossuary and Ice Cave.

You collected 3006 gold pieces.
You spent 628 gold pieces at shops.

Inventory:

Hand Weapons
 A - a +1 demon whip of draining
 L - a +7 giant spiked club of flaming (weapon)
 P - a +0 giant spiked club
Missiles
 e - 4 javelins (quivered)
Armour
 c - a +0 shield
 j - a +2 robe of magic resistance
 l - a +1 leather armour of cold resistance
 r - +0 gold dragon scales (worn)
 E - a +0 large shield
 R - a +0 cloak (worn)
Jewellery
 a - an amulet of faith (around neck)
 b - the amulet "Foxeseraymp" {Spirit rN+}
   (You acquired it on level 1 of the Lair of Beasts)

   [amulet of guardian spirit]

   It causes incoming damage to be split between your health and magic.
   It protects you from negative energy.
 M - an uncursed ring of protection from magic
 N - a ring of see invisible (left hand)
 U - a +3 ring of intelligence
 Y - the ring of Darkness (right hand) {rPois rN+ Int+4 Dex+5}
   (You acquired it on level 3 of the Lair of Beasts)

   [ring of poison resistance]

   It affects your intelligence (+4).
   It affects your dexterity (+5).
   It protects you from poison.
   It protects you from negative energy.
Wands
 s - a wand of digging (5/24)
 y - a wand of teleportation (3/9)
Scrolls
 i - a scroll of teleportation
 k - 2 scrolls of blinking
 m - 6 scrolls of recharging
 o - 9 scrolls of remove curse
 z - 3 scrolls of amnesia
 G - a scroll of fog
 Q - a scroll of fear
 V - a scroll of torment {unknown}
 W - a scroll of silence
Potions
 h - a potion of curing
 n - 3 potions of haste
 u - a potion of beneficial mutation
 w - 8 potions of flight
 B - 3 potions of brilliance
 C - a potion of berserk rage
 D - a potion of heal wounds
 H - 2 potions of agility {unknown}
Comestibles
 d - 2 chunks of flesh
 f - 13 bread rations
 q - 3 meat rations
 x - a slice of pizza
 O - 2 beef jerkies


   Skills:
 - Level 16.3 Fighting
 + Level 18.5 Maces & Flails
 - Level 7.2 Throwing
 + Level 10.3 Armour
 - Level 8.7 Dodging
 - Level 2.6 Shields
 + Level 3.9 Invocations
 - Level 10.0 Evocations


You had 15 spell levels left.
You didn't know any spells.

Dungeon Overview and Level Annotations

Branches:
Dungeon (15/15)            Temple (0/1) D:4            Lair (6/6) D:9
 Shoals (0/4) Lair:2       Spider (0/4) Lair:4        Slime (0/5) Lair:6
    Orc (2/2) D:9             Elf (0/3) Orc:2        Vaults (0/5) D:14
 Depths (0/5) D:15

Altars:
Cheibriados
Dithmenos
Fedhas
Kikubaaqudgha
Makhleb
Nemelex Xobeh
Okawaru
Qazlal
Uskayaw
Xom
Yredelemnul
Zin
The Shining One
Beogh
Jiyva

Shops:
D:8 :   D:9 (   D:10 ?   Orc:2 [

Annotations:
Lair:6 1 runed door


Innate Abilities, Weirdness & Mutations

You are too large for most types of armour.
You have tough skin. (AC +1)
Your magical capacity is low. (-10% MP)
You expend magic power (3 MP) to strengthen your wands.


Message History

You feel sick. The warg bites you but does no damage.
The ogre barely misses you.
The stone giant hits you but does no damage.
You hit the stone giant. You burn the stone giant.
The stone giant is moderately wounded.
The warg bites you but does no damage. The warg bites you!
The stone giant hits you! The ogre hits you with a giant club!
* * * LOW HITPOINT WARNING * * *
You impale the stone giant!! You burn the stone giant!
The stone giant is severely wounded.
The warg bites you!
* * * LOW HITPOINT WARNING * * *
The stone giant hits you!!
* * * LOW HITPOINT WARNING * * *
Unknown command.
You completely miss the stone giant.
The stone giant is severely wounded.
You feel sick. The warg bites you but does no damage.
The ogre closely misses you. The stone giant hits you!!
You die...

#...........#
##......##.## ####### ..
###.....######.#...#...
##.#.....##..........
##........##.....#..
#....................#
##........[..........#
##....O.............#
##..@h.............#
##C...............#
##................#
.#.................#
#.........#..........##
#..........[............
##............)[[......<
..$.............[.......
.....#...........<[......


You could see a stone giant, a warg and an ogre.

Vanquished Creatures
  Rupert (D:15)
  2 orc warlords
  Louise (D:15)
  Nessos (Lair:4)
  The ghost of stickyfingers the Archer, a journeyman CeVM (IceCv)
  An ettin (Orc:1)
  2 ogre magi (D:15)
  10 hydras
  2 vault guards (D:14)
  A rakshasa (D:15)
  A centaur warrior (D:14)
  An ice dragon (IceCv)
  A catoblepas (Lair:2)
  An orc high priest (Orc:2)
  2 tengu warriors
  Nergalle (Lair:1)
  5 skeletal warriors (D:12)
  2 unseen horrors
  3 wizards
  6 hill giants
  3 orc knights
  Pikel (D:8)
  An ugly thing (D:11)
  3 deep elf magi (D:15)
  3 necromancers (D:14)
  A cyclops (D:11)
  5 orc sorcerers
  3 manticores
  7 slime creatures
  9 elephants
  2 sirens (Lair:2)
  2 ice statues (IceCv)
  5 torpor snails
  A naga mage (D:15)
  2 centaur skeletons
  A gargoyle (D:12)
  4 rime drakes
  7 spiny frogs
  4 kobold demonologists
  An efreet (D:14)
  5 komodo dragons
  A tengu conjurer (D:13)
  2 polar bears (Lair:6)
  2 merfolk (Lair:2)
  5 trolls
  Grinder (D:3)
  3 hornets (Lair:6)
  3 two-headed ogres (D:15)
  21 blink frogs
  Prince Ribbit (D:6)
  11 hippogriffs
  3 shadows
  A wraith (D:10)
  2 redbacks (Lair:6)
  14 spriggans (Lair:6)
  A wyvern (D:10)
  33 yaks
  Grum (D:10)
  3 hogs
  8 basilisks
  19 humans
  2 hungry ghosts
  Menkaure (D:5)
  A warg (Orc:1)
  15 water moccasins
  2 soldier ants
  8 porcupines
  5 sky beasts
  3 black bears (Lair:6)
  2 hornet zombies
  2 slaves (D:8)
  24 ice beasts
  22 orc warriors
  4 necrophages
  32 wolves
  3 boggarts (Lair:6)
  3 phantoms
  8 centaurs
  17 ogres
  9 crocodiles
  7 big kobolds
  13 bullfrogs
  A gnoll sergeant (D:9)
  3 scorpions
  9 killer bees
  6 wights
  7 howler monkeys
  6 centaur zombies
  6 crimson imps
  4 bullfrog zombies
  3 jellies
  2 quasits
  6 hounds
  18 orc priests
  A human zombie (Ossuary)
  Jessica (D:3)
  10 worker ants
  5 iguanas
  24 orc wizards
  A big kobold zombie (Ossuary)
  A hound zombie (D:5)
  2 hound skeletons
  4 mummies (Ossuary)
  Robin (D:2)
  A worker ant zombie (D:6)
  14 gnolls
  11 adders
  3 river rats (D:9)
  2 shadow imps
  An ooze (D:1)
  An adder zombie (D:5)
  An adder skeleton (D:4)
  A dart slug (D:1)
  5 leopard geckos
  100 orcs
  2 giant cockroaches
  10 goblins
  9 hobgoblins
  10 jackals
  22 kobolds
  4 quokkas
  2 ball pythons
  3 bats
  2 frilled lizards (D:4)
  2 goblin zombies (Ossuary)
  2 hobgoblin zombies (Ossuary)
  A leopard gecko zombie (D:7)
  An orc zombie (Ossuary)
  A quokka skeleton (D:8)
  A quokka zombie (D:7)
  7 rats
  A butterfly (Lair:2)
774 creatures vanquished.

Vanquished Creatures (collateral kills)
  An ice dragon (IceCv)
  An ice beast (Lair:4)
2 creatures vanquished.

Vanquished Creatures (others)
  2 elephants (Lair:6)
  A slave (D:8)
  A bullfrog (D:8)
  An orc priest (Orc:2)
  An orc (Orc:1)
  A bush (D:9)
  8 fungi (Lair:6)
  2 plants
17 creatures vanquished.

Grand Total: 793 creatures vanquished

Notes
Turn   | Place    | Note
-------+----------+-------------------------------------------
     0 | D:1      | Mesmaeker13 the Ogre Fighter began the quest for the Orb.
     0 | D:1      | Reached XP level 1. HP: 24/24 MP: 1/1
   120 | D:1      | Reached skill level 3 in Maces & Flails
   132 | D:1      | Reached XP level 2. HP: 14/33 MP: 2/2
   730 | D:1      | Reached XP level 3. HP: 37/41 MP: 3/3
  1114 | D:2      | Reached skill level 5 in Fighting
  1123 | D:2      | Reached skill level 4 in Maces & Flails
  1191 | D:2      | Noticed Robin
  1220 | D:2      | Killed Robin
  1220 | D:2      | Reached XP level 4. HP: 39/50 MP: 4/4
  1223 | D:2      | Got a bloodstained helmet
  1764 | D:3      | Gained mutation: Your magical capacity is low. (-10% MP) [potion of mutation]
  1764 | D:3      | Gained mutation: You expend magic power (3 MP) to strengthen your wands. [potion of mutation]
  1806 | D:3      | Noticed Jessica
  1810 | D:3      | Killed Jessica
  1848 | D:3      | Reached XP level 5. HP: 57/59 MP: 4/4
  2032 | D:3      | Found a hide-covered altar of Uskayaw.
  2037 | D:3      | Found an iron altar of Okawaru.
  2040 | D:3      | Found a shimmering altar of Xom.
  2052 | D:3      | Found a glowing silver altar of Zin.
  2080 | D:3      | Found a burning altar of Makhleb.
  2086 | D:3      | Became a worshipper of Makhleb the Destroyer
  2093 | D:3      | Found a shadowy altar of Dithmenos.
  2255 | D:3      | Found a faded altar of an unknown god.
  2255 | D:3      | Found a faded altar of an unknown god.
  2260 | D:3      | Found a faded altar of an unknown god.
  2262 | D:3      | Found a sparkling altar of Nemelex Xobeh.
  2264 | D:3      | Found a faded altar of an unknown god.
  2298 | D:3      | Noticed Grinder
  2305 | D:3      | Paralysed by Grinder for 2 turns
  2313 | D:3      | Killed Grinder
  2313 | D:3      | Reached skill level 5 in Maces & Flails
  2313 | D:3      | Reached XP level 6. HP: 52/68 MP: 5/5
  2340 | D:3      | Reached skill level 6 in Maces & Flails
  2733 | D:4      | Found a staircase to the Ecumenical Temple.
  2761 | D:4      | Found a sand-covered staircase.
  2814 | Ossuary  | Entered an ossuary
  2879 | Ossuary  | Reached XP level 7. HP: 67/78 MP: 6/6
  3352 | D:4      | Reached * piety under Makhleb
  4029 | D:5      | Entered Level 5 of the Dungeon
  4057 | D:5      | Reached skill level 7 in Maces & Flails
  4328 | D:5      | Reached XP level 8. HP: 85/88 MP: 7/7
  4442 | D:5      | Noticed Menkaure
  4450 | D:5      | Killed Menkaure
  4623 | D:5      | Reached skill level 8 in Maces & Flails
  4623 | D:5      | Reached skill level 5 in Dodging
  4645 | D:5      | Reached ** piety under Makhleb
  4845 | D:5      | Noticed a water elemental
  4847 | D:5      | Found a stormy altar of Qazlal.
  4850 | D:5      | Noticed an air elemental
  5359 | D:6      | Noticed Prince Ribbit
  5369 | D:6      | Killed Prince Ribbit
  5369 | D:6      | Reached skill level 1 in Throwing
  5656 | D:6      | Reached XP level 9. HP: 100/100 MP: 8/8
  5766 | D:6      | Reached skill level 9 in Maces & Flails
  6038 | D:7      | Reached skill level 10 in Fighting
  6109 | D:7      | Reached *** piety under Makhleb
  6441 | D:7      | Found an ancient bone altar of Kikubaaqudgha.
  6444 | D:7      | Found a blossoming altar of Fedhas.
  6624 | D:8      | Found Sysitt's Book Emporium.
  6649 | D:8      | Got a fabulously ornate robe
  6660 | D:8      | Identified the cursed +0 robe "Odasm" {Int+2 Dex+5} (You found it on level 8 of the Dungeon)
  6718 | D:8      | Noticed Pikel
  6735 | D:8      | Killed Pikel
  6735 | D:8      | Reached skill level 10 in Maces & Flails
  6752 | D:8      | Reached XP level 10. HP: 106/111 MP: 9/9
  6969 | D:8      | Reached skill level 5 in Throwing
  7043 | D:8      | Found a large runed door.
  7045 | D:8      | Found a large runed door.
  7595 | D:8      | Noticed a frost giant
  8238 | D:9      | Found a staircase to the Lair.
  8252 | D:9      | Reached skill level 11 in Maces & Flails
  8279 | D:9      | Reached **** piety under Makhleb
  8730 | D:8      | Reached XP level 11. HP: 96/123 MP: 9/9
  9006 | D:9      | Found Cilurud's Weapon Boutique.
  9316 | D:9      | Found a staircase to the Orcish Mines.
  9633 | D:10     | Entered Level 10 of the Dungeon
  9882 | D:10     | Found Oclokarph's Magic Scroll Shoppe.
  9889 | D:10     | Reached skill level 12 in Maces & Flails
  9904 | D:10     | Noticed Grum
 10017 | D:10     | Noticed a hill giant
 10028 | D:10     | Killed a hill giant
 10112 | D:10     | Bought a scroll of enchant weapon for 127 gold pieces
 10112 | D:10     | Bought a scroll of blinking for 127 gold pieces
 10112 | D:10     | Bought a scroll of identify for 34 gold pieces
 10112 | D:10     | Bought a scroll of brand weapon for 340 gold pieces
 10145 | D:10     | Noticed a hill giant
 10156 | D:10     | Killed a hill giant
 10156 | D:10     | Reached skill level 1 in Evocations
 10245 | D:9      | Reached skill level 1 in Armour
 10582 | D:10     | Killed Grum
 10750 | D:10     | Found a basalt altar of Yredelemnul.
 10864 | Lair:1   | Entered Level 1 of the Lair of Beasts
 11213 | Lair:1   | Noticed Nergalle
 11223 | Lair:1   | Killed Nergalle
 11353 | Lair:1   | Got a shimmering long sword
 11684 | Lair:1   | Reached XP level 12. HP: 136/136 MP: 12/12
 11898 | Lair:1   | Identified the +9 long sword "Jegiz" {freeze, rElec rC+ Str+4} (You found it on level 1 of the Lair of Beasts)
 11927 | Lair:2   | Noticed a five-headed hydra
 11936 | Lair:1   | Killed a five-headed hydra
 12031 | Lair:2   | Reached ***** piety under Makhleb
 12140 | Lair:2   | Reached skill level 13 in Maces & Flails
 12193 | Lair:2   | Got a scorched quarterstaff
 12195 | Lair:2   | Identified the +4 quarterstaff "Fidujip" {flame, rElec} (You found it on level 2 of the Lair of Beasts)
 12358 | Lair:2   | Found a staircase to the Shoals.
 12380 | Lair:2   | Noticed a catoblepas
 12404 | Lair:2   | Killed a catoblepas
 12715 | Lair:3   | Identified 2 scrolls of acquirement
 12719 | Lair:3   | Got a coiled tin ring
 12721 | Lair:3   | Identified the ring of Darkness {rPois rN+ Int+4 Dex+5} (You acquired it on level 3 of the Lair of Beasts)
 12728 | Lair:3   | Found a snail-covered altar of Cheibriados.
 13384 | Lair:4   | Noticed Nessos
 13395 | Lair:4   | Killed Nessos
 13425 | Lair:4   | Found a frozen archway.
 13449 | IceCv    | Entered an ice cave
 13490 | IceCv    | Noticed stickyfingers's ghost (journeyman CeVM)
 13497 | IceCv    | Killed stickyfingers's ghost
 13528 | IceCv    | Reached skill level 5 in Armour
 13528 | IceCv    | Reached skill level 5 in Evocations
 13575 | IceCv    | Reached skill level 14 in Maces & Flails
 13575 | IceCv    | Reached XP level 13. HP: 122/148 MP: 15/15
 13672 | IceCv    | Noticed an ice dragon
 13680 | IceCv    | Killed an ice dragon
 13681 | IceCv    | Noticed an ice dragon
 13684 | IceCv    | Killed an ice dragon
 13886 | Lair:4   | Found a hole to the Spider Nest.
 14220 | Lair:4   | Reached skill level 15 in Fighting
 14282 | Lair:4   | Identified the Disquisition on the Venomous Frostbite
 15267 | Lair:1   | Got a pitted emerald amulet
 15880 | Lair:5   | Identified the amulet "Foxeseraymp" {Spirit rN+} (You acquired it on level 1 of the Lair of Beasts)
 16003 | Lair:5   | Reached skill level 15 in Maces & Flails
 16166 | Lair:6   | Entered Level 6 of the Lair of Beasts
 16502 | Lair:6   | Reached XP level 14. HP: 113/161 MP: 17/17
 16800 | Lair:6   | Reached ****** piety under Makhleb
 16816 | Lair:6   | Found a runed door.
 16819 | Lair:6   | Found a viscous altar of Jiyva.
 16823 | Lair:6   | Noticed an acid blob
 16827 | Lair:6   | Found a staircase to the Slime Pits.
 16847 | Lair:6   | Identified the +5 helmet of the Alphagorgon {rF- Str-3 SInv Stlth+} (You took it off Robin on level 2 of the Dungeon)
 17462 | Lair:6   | Reached skill level 16 in Maces & Flails
 18816 | D:11     | Found a glowing golden altar of the Shining One.
 20182 | D:13     | Reached XP level 15. HP: 171/171 MP: 19/19
 20728 | D:14     | Reached skill level 17 in Maces & Flails
 21002 | D:14     | Found a gate to the Vaults.
 21345 | D:15     | Entered Level 15 of the Dungeon
 21391 | D:15     | Noticed Rupert
 21494 | D:15     | Paralysed by Rupert for 5 turns
 21503 | D:15     | Killed Rupert
 21732 | D:15     | Noticed Louise
 21774 | D:15     | Killed Louise
 22157 | D:15     | Found a staircase to the Depths.
 22220 | D:15     | Reached skill level 18 in Maces & Flails
 22482 | D:12     | Reached skill level 10 in Evocations
 22509 | D:11     | Reached skill level 10 in Armour
 22564 | Orc:1    | Entered Level 1 of the Orcish Mines
 22568 | Orc:1    | Noticed an orc warlord
 23028 | D:9      | Reached skill level 1 in Invocations
 23268 | D:9      | Killed an orc warlord
 23637 | Orc:1    | Reached XP level 16. HP: 180/180 MP: 21/21
 23802 | Orc:2    | Entered Level 2 of the Orcish Mines
 24036 | Orc:2    | Found a staircase to the Elven Halls.
 24070 | Orc:2    | Found Faes's Armour Emporium.
 24091 | Orc:2    | Found a roughly hewn altar of Beogh.
 24687 | Orc:2    | Mangled by a stone giant

Skill      XL: |  1  2  3  4  5  6  7  8  9 10 11 12 13 14 15 16 |
---------------+-------------------------------------------------+-----
Maces & Flails | 3 4 5 6 7 8 10 11 12 14 15 16 18 | 18.5
Fighting       | 5 6 7 8 9 10 12 13 14 15 16 | 16.3
Dodging        | 3 4 5 6 8 |  8.7
Throwing       | 2 4 6 7 |  7.2
Evocations     | 2 5 6 8 10 | 10.0
Armour         | 2 5 6 8 10 | 10.3
Invocations    | 2 3 |  3.9
Shields        | |  2.6

Action                   |  1- 3 |  4- 6 |  7- 9 | 10-12 | 13-15 | 16-18 || total
-------------------------+-------+-------+-------+-------+-------+-------++-------
Melee: Flail             |   129 |    71 |       |       |       |       ||   200
       Morningstar       |       |    41 |   301 |       |       |       ||   342
       Giant spiked club |       |       |    66 |   472 |  1027 |   102 ||  1667
Throw: Javelin           |     2 |    16 |    39 |    16 |    59 |     9 ||   141
       Throwing net      |       |       |       |     5 |       |       ||     5
       Large rock        |       |       |       |       |    23 |     6 ||    29
Invok: Lesser Servant of |       |       |       |     2 |     4 |       ||     6
Evoke: Wand              |       |       |       |     7 |     3 |       ||    10
  Use: Scroll            |     3 |       |    10 |    14 |    22 |     1 ||    50
       Potion            |       |     2 |       |     3 |    13 |     3 ||    21
 Stab: Sleeping          |     1 |     1 |     1 |     2 |       |       ||     5
       Distracted        |       |       |       |     1 |     1 |       ||     2
       Invisible         |       |       |       |       |       |     6 ||     6
  Eat: Chunk             |     1 |     6 |    14 |    33 |    22 |     4 ||    80
       Meat ration       |       |       |       |     1 |       |       ||     1
       Bread ration      |       |       |       |       |     1 |       ||     1
Armor: Robe              |    45 |    18 |    69 |    51 |       |       ||   183
       Animal skin       |       |     6 |       |       |       |       ||     6
       Gold dragon scale |       |       |       |   212 |  1078 |    52 ||  1342
Dodge: Dodged            |    43 |    29 |   145 |   295 |   399 |    48 ||   959
Block: Shield            |    66 |    49 |   112 |       |       |       ||   227
